TOP OF THE 1ST |
Marquette Miners batting - Pitching for Billings Polar Bears : RHP Tyler Carter
|
Pitching: RHP Tyler Carter
|
|
Batting: LHB Francisco Alfaro
|
0-0: Ball 1-0: Foul Ball, location: 2F 1-1: Ground out 4-3 (Groundball, 34D)
|
Batting: RHB Andrew Cantrell
|
0-0: Ball 1-0: Called Strike 1-1: Ball 2-1: Fly out, F4 (Popup, 4M)
|
Batting: RHB Sameen Shaw
|
0-0: Ball 1-0: Ground out 4-3 (Groundball, 4)
|
Top of the 1st over - 0 runs, 0 hits, 0 errors, 0 left on base; Marquette 0 - Billings 0 |
BOTTOM OF THE 1ST |
Billings Polar Bears batting - Pitching for Marquette Miners : LHP Devin Gaines
|
Pitching: LHP Devin Gaines
|
|
Batting: RHB Calvin Shreve
|
0-0: Foul Ball, location: 2F 0-1: Ball 1-1: Ball 2-1: SINGLE (Flyball, 9LS)
|
Batting: RHB Travis Newsome
|
0-0: Ball 1-0: Fly out, F7 (Line Drive, 78M)
|
Batting: RHB Pedro Morales
|
0-0: Ball 1-0: Grounds into double play, 5-4-3 (Groundball, 56)
|
Bottom of the 1st over - 0 runs, 1 hit, 0 errors, 0 left on base; Marquette 0 - Billings 0 |
TOP OF THE 2ND |
Marquette Miners batting - Pitching for Billings Polar Bears : RHP Tyler Carter
|
Batting: LHB Vladya Pugiev
|
0-0: Ball 1-0: Foul Ball, location: 2F 1-1: Ground out 5-3 (Groundball, 56S)
|
Batting: SHB Theron Montecalvo
|
0-0: Fly out, F9 (Line Drive, 9)
|
Batting: RHB Alejandro Márquez
|
0-0: Ball 1-0: Swinging Strike 1-1: Fly out, F7 (Flyball, 78D)
|
Top of the 2nd over - 0 runs, 0 hits, 0 errors, 0 left on base; Marquette 0 - Billings 0 |
BOTTOM OF THE 2ND |
Billings Polar Bears batting - Pitching for Marquette Miners : LHP Devin Gaines
|
Batting: RHB António Canales
|
0-0: Ball 1-0: Ball 2-0: SINGLE (Line Drive, 78S)
|
Batting: RHB Arturo Maldonado
|
0-0: Ball 1-0: Fly out, F7 (Flyball, 7D)
|
Batting: LHB Armando Reyes
|
0-0: Ball 1-0: Called Strike 1-1: Called Strike 1-2: Ball 2-2: Fly out, F3 (Line Drive, 3S)
|
Batting: RHB Juan Rico
|
0-0: Ball 1-0: Ball 2-0: Called Strike 2-1: Foul Ball, location: 2F 2-2: Ball 3-2: SINGLE (Groundball, 34D) António Canales to second António Canales to third
|
Batting: RHB Nathan Landrum
|
0-0: Foul Ball, location: 2F 0-1: Ball 1-1: Fly out, F1 (Line Drive, 13S)
|
Bottom of the 2nd over - 0 runs, 2 hits, 0 errors, 2 left on base; Marquette 0 - Billings 0 |
TOP OF THE 3RD |
Marquette Miners batting - Pitching for Billings Polar Bears : RHP Tyler Carter
|
Batting: RHB Franklin Kelley
|
0-0: Ball 1-0: Ground out 4-3 (Groundball, 4M)
|
Batting: RHB Mike Elzey
|
0-0: Ball 1-0: Fly out, F4 (Line Drive, 4)
|
Now at 2B: Augustus Driscoll
|
|
Batting: RHB Rocky Cantrell
|
0-0: Called Strike 0-1: Called Strike 0-2: Ball 1-2: Ground out 5-3 (Groundball, 5L)
|
Top of the 3rd over - 0 runs, 0 hits, 0 errors, 0 left on base; Marquette 0 - Billings 0 |
BOTTOM OF THE 3RD |
Billings Polar Bears batting - Pitching for Marquette Miners : LHP Devin Gaines
|
Batting: RHB Corey Dudding
|
0-0: Foul Ball, location: 2F 0-1: Fly out, F2 (Popup, 25F)
|
Batting: RHB Calvin Shreve
|
0-0: Called Strike 0-1: Foul Ball, location: 2F 0-2: Ball 1-2: Fly out, F8 (Flyball, 8LS)
|
Batting: LHB Augustus Driscoll
|
0-0: Foul Ball, location: 2F 0-1: Ball 1-1: Swinging Strike 1-2: Strikes out swinging
|
Bottom of the 3rd over - 0 runs, 0 hits, 0 errors, 0 left on base; Marquette 0 - Billings 0 |
TOP OF THE 4TH |
Marquette Miners batting - Pitching for Billings Polar Bears : RHP Tyler Carter
|
Batting: LHB Francisco Alfaro
|
0-0: Ball 1-0: Ball 2-0: SINGLE (Groundball, 5) (infield hit)
|
Batting: RHB Andrew Cantrell
|
0-0: Ball 1-0: SINGLE (Flyball, 78M) Francisco Alfaro to second
|
Batting: RHB Sameen Shaw
|
0-0: Ball 1-0: Called Strike 1-1: Ball 2-1: Foul Ball, location: 2F 2-2: Foul Ball, location: 2F 2-2: Foul Ball, location: 2F 2-2: Foul Ball, location: 2F 2-2: SINGLE (Line Drive, 9S) Francisco Alfaro to third Andrew Cantrell to second
|
Batting: LHB Vladya Pugiev
|
0-0: Ball 1-0: Ball 2-0: Fly out, F7 (Flyball, 78M) Runner from 3rd tags up, SCORES, throw made
|
Pitching: RHP José Meza
|
|
Batting: SHB Theron Montecalvo
|
0-0: Ball 1-0: Swinging Strike 1-1: Swinging Strike 1-2: Fielders Choice at 2nd, 1-6 (Groundball, P) Andrew Cantrell to third
|
Batting: RHB Alejandro Márquez
|
0-0: Ball 1-0: Ball 2-0: Foul Ball, location: 2F 2-1: Fly out, F8 (Line Drive, 78M)
|
Top of the 4th over - 1 run, 3 hits, 0 errors, 2 left on base; Marquette 1 - Billings 0 |
BOTTOM OF THE 4TH |
Billings Polar Bears batting - Pitching for Marquette Miners : LHP Devin Gaines
|
Batting: RHB Pedro Morales
|
0-0: Called Strike 0-1: Ball 1-1: Ball 2-1: Ball 3-1: Base on Balls
|
Batting: RHB António Canales
|
0-0: Called Strike 0-1: Ball 1-1: SINGLE (Flyball, 8RS) Pedro Morales to second
|
Batting: RHB Arturo Maldonado
|
0-0: Foul Ball, location: 2F 0-1: Fly out, F3 (Popup, 3SF)
|
Batting: LHB Armando Reyes
|
0-0: Called Strike Pedro Morales steals 3rd base António Canales to second 0-1: SINGLE (Flyball, 9LS) Pedro Morales scores António Canales to third Runner from 3rd tries for Home, SAFE, throw made home
|
Batting: RHB Juan Rico
|
0-0: Foul Ball, location: 2F 0-1: Ball 1-1: Ball 2-1: Ball Wild Pitch! Armando Reyes to second 3-1: Ground out 4-3 (Groundball, 4) Armando Reyes to third
|
Batting: RHB Nathan Landrum
|
0-0: SINGLE (Groundball, 6D) Armando Reyes scores
|
Batting: RHB Corey Dudding
|
0-0: Foul Ball, location: 2F 0-1: Ball 1-1: Ball 2-1: Called Strike 2-2: Fly out, F4 (Line Drive, 4MD)
|
Bottom of the 4th over - 3 runs, 3 hits, 0 errors, 1 left on base; Marquette 1 - Billings 3 |
TOP OF THE 5TH |
Marquette Miners batting - Pitching for Billings Polar Bears : RHP José Meza
|
Batting: RHB Franklin Kelley
|
0-0: Called Strike 0-1: Called Strike 0-2: Ball 1-2: Ball 2-2: Strikes out swinging
|
Batting: RHB Mike Elzey
|
0-0: Called Strike 0-1: Hit by Pitch
|
Batting: RHB Rocky Cantrell
|
0-0: Called Strike 0-1: Swinging Strike Mike Elzey is caught stealing 2nd base 0-2: Ball 1-2: Ball 2-2: Foul Ball, location: 2F 2-2: Strikes out swinging
|
Top of the 5th over - 0 runs, 0 hits, 0 errors, 0 left on base; Marquette 1 - Billings 3 |
BOTTOM OF THE 5TH |
Billings Polar Bears batting - Pitching for Marquette Miners : LHP Devin Gaines
|
Batting: RHB Calvin Shreve
|
0-0: Swinging Strike 0-1: SINGLE (Line Drive, 7S)
|
Batting: LHB Augustus Driscoll
|
0-0: Ball 1-0: Ball 2-0: SINGLE (Flyball, 7LS) Calvin Shreve to second
|
Batting: RHB Pedro Morales
|
0-0: Called Strike Calvin Shreve is caught stealing 3rd base 0-1: Foul Ball, location: 2F 0-2: Grounds into double play, 1-6-3 (Groundball, 13S)
|
Bottom of the 5th over - 0 runs, 2 hits, 0 errors, 0 left on base; Marquette 1 - Billings 3 |
TOP OF THE 6TH |
Marquette Miners batting - Pitching for Billings Polar Bears : RHP José Meza
|
Batting: LHB Francisco Alfaro
|
0-0: Ball 1-0: Ball 2-0: Ball 3-0: Base on Balls
|
Batting: RHB Andrew Cantrell
|
0-0: Foul Ball, location: 2F 0-1: Sac Bunt - play at first, batter OUT! U3 Francisco Alfaro to second
|
Batting: RHB Sameen Shaw
|
0-0: SINGLE (Groundball, 34D) Francisco Alfaro to third
|
Batting: LHB Vladya Pugiev
|
0-0: Called Strike 0-1: Called Strike 0-2: Ball 1-2: Foul Ball, location: 2F 1-2: Ball 2-2: Fly out, F8 (Flyball, 8LM) Runner from 3rd tags up, SCORES, throw made
|
Pitching: LHP José Tovar
|
|
Batting: SHB Theron Montecalvo
|
0-0: Ball 1-0: Ground out U3 (Groundball, 34S)
|
Top of the 6th over - 1 run, 1 hit, 0 errors, 1 left on base; Marquette 2 - Billings 3 |
BOTTOM OF THE 6TH |
Billings Polar Bears batting - Pitching for Marquette Miners : LHP Devin Gaines
|
Batting: RHB António Canales
|
0-0: Swinging Strike 0-1: Foul Ball, location: 2F 0-2: Ball 1-2: DOUBLE (Line Drive, 89XD)
|
Batting: RHB Arturo Maldonado
|
0-0: Intentional Walk
|
Batting: LHB Armando Reyes
|
0-0: Called Strike 0-1: Fly out, F7 (Flyball, 7LM)
|
Batting: RHB Juan Rico
|
0-0: Ball 1-0: Ball 2-0: Called Strike 2-1: Ball 3-1: Base on Balls António Canales to third Arturo Maldonado to second
|
Batting: RHB Nathan Landrum
|
0-0: Called Strike 0-1: Ball 1-1: Ball 2-1: Fly out, F4 (Line Drive, 4M)
|
Batting: RHB Corey Dudding
|
0-0: Ball 1-0: Ground out 5-3 (Groundball, 56S)
|
Bottom of the 6th over - 0 runs, 1 hit, 0 errors, 3 left on base; Marquette 2 - Billings 3 |
TOP OF THE 7TH |
Marquette Miners batting - Pitching for Billings Polar Bears : LHP José Tovar
|
Batting: RHB Alejandro Márquez
|
0-0: Called Strike 0-1: Ball 1-1: Ball 2-1: Foul Ball, location: 2F 2-2: Strikes out looking
|
Batting: RHB Franklin Kelley
|
0-0: Ball 1-0: SINGLE (Groundball, 34D)
|
Batting: RHB Mike Elzey
|
0-0: Called Strike 0-1: Ball 1-1: Ball 2-1: Swinging Strike 2-2: Fly out, F8 (Flyball, 78D)
|
Pinch Hitting: RHB Mark Keys
|
0-0: Ball 1-0: Swinging Strike 1-1: Ball 2-1: Fly out, F5 (Popup, 15)
|
Top of the 7th over - 0 runs, 1 hit, 0 errors, 1 left on base; Marquette 2 - Billings 3 |
BOTTOM OF THE 7TH |
Billings Polar Bears batting - Pitching for Marquette Miners : LHP Devin Gaines
|
Now at 1B: Ted Tullo
|
|
Batting: RHB Calvin Shreve
|
0-0: Swinging Strike 0-1: Foul Ball, location: 2F 0-2: Strikes out swinging
|
Batting: LHB Augustus Driscoll
|
0-0: Called Strike 0-1: Ball 1-1: Swinging Strike 1-2: Ground out 4-3 (Groundball, 4)
|
Batting: RHB Pedro Morales
|
0-0: Called Strike 0-1: Called Strike 0-2: Foul Ball, location: 2F 0-2: Foul Ball, location: 2F 0-2: Foul Ball, location: 2F 0-2: Ball 1-2: Ball 2-2: Ground out 6-3 (Groundball, 6)
|
Bottom of the 7th over - 0 runs, 0 hits, 0 errors, 0 left on base; Marquette 2 - Billings 3 |
TOP OF THE 8TH |
Marquette Miners batting - Pitching for Billings Polar Bears : LHP José Tovar
|
Batting: LHB Francisco Alfaro
|
0-0: Ball 1-0: Called Strike 1-1: Called Strike 1-2: Foul Ball, location: 2F 1-2: Strikes out swinging
|
Batting: RHB Andrew Cantrell
|
0-0: Foul Ball, location: 2F 0-1: Ground out 6-3 (Groundball, 56D)
|
Batting: RHB Sameen Shaw
|
0-0: Swinging Strike 0-1: Called Strike 0-2: Ground out 5-3 (Groundball, 5)
|
Top of the 8th over - 0 runs, 0 hits, 0 errors, 0 left on base; Marquette 2 - Billings 3 |
BOTTOM OF THE 8TH |
Billings Polar Bears batting - Pitching for Marquette Miners : LHP Devin Gaines
|
Batting: RHB António Canales
|
0-0: Ball 1-0: SINGLE (Flyball, 78S)
|
Pitching: RHP Gustavo Díaz
|
|
Pinch Hitting: LHB Mike Goff
|
0-0: Ball 1-0: Ball 2-0: Foul Ball, location: 2F 2-1: Foul Ball, location: 2F 2-2: Ball 3-2: SINGLE (Groundball, 34D) António Canales to second Runner from 2nd tries for 3rd, SAFE, no throw
|
Batting: LHB Armando Reyes
|
0-0: Fly out, F8 (Flyball, 78D) Runner from 3rd tags up, SCORES, throw made
|
Batting: RHB Juan Rico
|
0-0: 2-RUN HOME RUN (Flyball, 7D), Distance : 387 ft
|
Batting: RHB Nathan Landrum
|
0-0: Ball 1-0: Ball 2-0: Foul Ball, location: 2F 2-1: Swinging Strike 2-2: Fly out, F5 (Popup, 5)
|
Batting: RHB Corey Dudding
|
0-0: Called Strike 0-1: Called Strike 0-2: Ball 1-2: Fly out, F9 (Flyball, 9S)
|
Bottom of the 8th over - 3 runs, 3 hits, 0 errors, 0 left on base; Marquette 2 - Billings 6 |
TOP OF THE 9TH |
Marquette Miners batting - Pitching for Billings Polar Bears : LHP José Tovar
|
Now in RF: Robby Young
|
|
Batting: LHB Vladya Pugiev
|
0-0: Ball 1-0: Foul Ball, location: 2F 1-1: Ball 2-1: Fly out, F4 (Popup, 4MD)
|
Batting: SHB Theron Montecalvo
|
0-0: Foul Ball, location: 2F 0-1: Foul Ball, location: 2F 0-2: Ball 1-2: Ball 2-2: Strikes out swinging
|
Batting: RHB Alejandro Márquez
|
0-0: Called Strike 0-1: Called Strike 0-2: Foul Ball, location: 2F 0-2: Ball 1-2: Foul Ball, location: 2F 1-2: Ball 2-2: Fly out, F4 (Popup, 34D)
|
Top of the 9th over - 0 runs, 0 hits, 0 errors, 0 left on base; Marquette 2 - Billings 6 |
|